 Dungeon Crawl Stone Soup version 0.29.0-4-gdea44cf6ec (webtiles) character file.

Game seed: 11987065639316184751

28 qw the Chopper (level 3, 0/21 HPs)
             Began as a Tengu Warper on Aug 28, 2022.
             Succumbed to their own poison gas
             ... on level 1 of the Dungeon.
             The game lasted 00:00:06 (1143 turns).

qw the Chopper (Tengu Warper)                       Turns: 1143, Time: 00:00:06

Health: 0/21       AC:  5    Str: 13    XL:     3   Next: 12%
Magic:  7/7        EV: 11    Int: 13    God:
Gold:   81         SH:  0    Dex: 13    Spells: 6/6 levels left

rFire   . . .      SeeInvis .   Y - +0 hand axe
rCold   . . .      Faith    .   (no shield)
rNeg    . . .      Spirit   .   g - +0 ring mail
rPois   .          Reflect  .   (helmet restricted)
rElec   .          Harm     .   (no cloak)
rCorr   .          Rampage  .   (no gloves)
Will    .....                   (boots unavailable)
Stlth   +.........              (no amulet)
HPRegen 0.07/turn               (no ring)
MPRegen 0.10/turn               (no ring)

@: lethally poisoned (0 -> -1)
A: beak, talons 3
a: no special abilities


You were on level 1 of the Dungeon.
You visited 1 branch of the dungeon, and saw 1 of its levels.

You collected 81 gold pieces.


Innate Abilities, Weirdness & Mutations

You have a beak for a mouth.
You have claws for feet.


   Skills:
 - Level 2.0 Fighting
 + Level 3.9 Axes
 - Level 1.0 Throwing
 - Level 1.1 Armour
 - Level 2.1 Dodging
 - Level 2.0 Spellcasting
 - Level 2.4 Translocations


You had 6 spell levels left.
You didn't know any spells.
Your spell library contained the following spells:

 Spells                   Type           Power      Damage    Failure   Level
 Blink                    Tloc           14%        N/A       30%         2
 Gell's Gravitas          Tloc           7%         N/A       52%         3
 Lesser Beckoning         Tloc           7%         N/A       52%         3
 Teleport Other           Tloc           7%         N/A       52%         3
 Manifold Assault         Tloc           7%         N/A       99%         5

Inventory:

Hand Weapons
 e - a +0 whip
 Y - a +0 hand axe (weapon)
Armour
 g - a +0 ring mail (worn)
Scrolls
 f - a scroll of identify
Potions
 k - a potion of flight {unknown}

Dungeon Overview and Level Annotations

Branches:
Dungeon (1/15)

Altars:


Message History

You start waiting.
Your surroundings suddenly seem different.
Done exploring.
1131 ||| READING scroll labelled IROCAFR GEAMU.
The air fills with toxic fumes!
As you read the scroll labelled IROCAFR GEAMU, it crumbles to dust.
It was a scroll of poison.
Done exploring.
1132 ||| DROPPING scroll of blinking.
You drop a scroll of blinking.
Done exploring.
(D) Dungeon
Where to? (* - list waypoints, ? - help)
What level of the Dungeon? (default 1, ? - help) Sorry, I don't know how to get there.
Done exploring.
1133 ||| Stepping randomly (stuck).
Really walk into that cloud of poison gas?
You are engulfed in poison gas.
You are poisoned.
You feel very sick.
1134 ||| Stepping ~*~*~tactically~*~*~ (cloud).
You feel very sick.
You see here a scroll of blinking.
There is a lethal amount of poison in your body!
You feel sick.
There is a lethal amount of poison in your body!
You feel sick.
There is a lethal amount of poison in your body!
You feel sick.
There is a lethal amount of poison in your body!
You feel sick.
There is a lethal amount of poison in your body!
You feel sick.
There is a lethal amount of poison in your body!
You feel sick.
There is a lethal amount of poison in your body!
You feel sick.
There is a lethal amount of poison in your body!
You feel sick.
There is a lethal amount of poison in your body!
You die...

#.###.### #.# ######%..####
###.....####.# #............
8^.......^8#0##### #.###########
.#.......#^#0¤0¤.# #.#
.(.........#.¤.0¤####0##########
##.##_##.###¤0.¤¤##.¤¤.........#
8^..#.#....#¤0¤.0##0#.########.#
#####.######.0.0.0¤¤#0# #.# #.#
####.00.0000@0¤0¤0# #.# #.#
#....¤¤...0¤¤#############.##
#.# #.##.000...¤¤### #.........
#.# #.#...0¤.¤.¤¤0.# #.#####.##
#.# #...#####¤####.# #.# ##.#
#.# #...# #0# #.# #.# #..# #.#
##<#### #.# #.# #.# #.## #.#
####..###.####.#####.# #.# #.#
#....#.#.#.##........# #.#


There were no monsters in sight!

Vanquished Creatures
  2 dart slugs (D:1)
  An endoplasm (D:1)
  A giant cockroach (D:1)
  2 hobgoblins (D:1)
  4 jackals (D:1)
  4 kobolds (D:1)
  A quokka (D:1)
  4 ball pythons (D:1)
  2 bats (D:1)
  A rat (D:1)
22 creatures vanquished.

Notes
Turn   | Place    | Note
-------+----------+-------------------------------------------
     0 | D:1      | qw the Tengu Warper began the quest for the Orb.
     0 | D:1      | Reached XP level 1. HP: 12/12 MP: 4/4
     0 | D:1      | 0 ||| qw: Version: 0.1-a-89-g26bdef1
     0 | D:1      | 0 ||| qw: Game counter: 1673
     0 | D:1      | 0 ||| qw: Always use a shield: true
     0 | D:1      | 0 ||| qw: God list: Okawaru
     0 | D:1      | 0 ||| qw: Allow faded altars: false
     0 | D:1      | 0 ||| qw: Do Orc after D:15 true
     0 | D:1      | 0 ||| qw: Do second Lair branch before Depths: true
     0 | D:1      | 0 ||| qw: Lair rune preference: random
     0 | D:1      | 0 ||| qw: Plans: Normal
     0 | D:1      | 0 ||| PLANNING D:1-11
   200 | D:1      | 200 ||| Stepping ~*~*~tactically~*~*~ (stealth).
   202 | D:1      | Reached skill level 3 in Axes
   202 | D:1      | Reached XP level 2. HP: 13/17 MP: 6/6
   440 | D:1      | 440 ||| Stepping ~*~*~tactically~*~*~ (stealth).
   558 | D:1      | Found a faded altar of an unknown god.
   625 | D:1      | 625 ||| Stepping ~*~*~tactically~*~*~ (stealth).
   626 | D:1      | 626 ||| Stepping ~*~*~tactically~*~*~ (stealth).
   684 | D:1      | 684 ||| Stepping ~*~*~tactically~*~*~ (hiding).
   801 | D:1      | 801 ||| DROPPING +0 mace of distortion.
   854 | D:1      | 854 ||| Stepping ~*~*~tactically~*~*~ (stealth).
   867 | D:1      | Reached XP level 3. HP: 9/21 MP: 7/7
  1113 | D:1      | 1113 ||| UPGRADING to +0 ring mail.
  1123 | D:1      | 1123 ||| DROPPING +0 leather armour.
  1124 | D:1      | 1124 ||| READING scroll labelled PINYHI GUTTI.
  1125 | D:1      | 1125 ||| READING 2 scrolls labelled BUITTA YVOUTAF.
  1126 | D:1      | 1126 ||| READING scroll labelled SANAFE QOTOUTU.
  1127 | D:1      | 1127 ||| READING scroll labelled AGIAGIAFIU.
  1131 | D:1      | 1131 ||| READING scroll labelled IROCAFR GEAMU.
  1132 | D:1      | 1132 ||| DROPPING scroll of blinking.
  1133 | D:1      | 1133 ||| Stepping randomly (stuck).
  1134 | D:1      | 1134 ||| Stepping ~*~*~tactically~*~*~ (cloud).
  1138 | D:1      | HP: 5/21 [poisoned by you (poison gas)]
  1141 | D:1      | HP: 2/21 [poisoned by you (poison gas)]
  1143 | D:1      | Succumbed to their own poison gas

Levels and vault maps discovered:
D:1:      saegor_arrival_simple_a, layout_loops_ring,
          shapermc_ecumenical_altar_mp_highgroup, dreamdust_wishing_well

Skill      XL: |  1 |
---------------+----+-----
Axes           | 3 |  3.9
Fighting       | |  2.0
Throwing       | |  1.0
Armour         | |  1.1
Dodging        | |  2.1
Spellcasting   | |  2.0
Translocations | |  2.4

Action                   || total
-------------------------++-------
Melee: Hand axe          ||    42
       Kick              ||    14
       Peck              ||     8
       Punch             ||     1
Throw: Boomerang         ||     7
  Use: Scroll            ||     5
Armor: Leather armour    ||    14
Dodge: Dodged            ||    25

Table legend:
 A = Non-vault XP
 B = Vault XP
 C = Vault XP percentage of total XP
 D = Non-vault monster count
 E = Vault monster count
 F = Vault count percentage of total count
                 A         B        C        D         E       F
            +---------+---------+-------+---------+---------+-------
      Total |      40 |       0 |   0.0 |      22 |       0 |   0.0
            +---------+---------+-------+---------+---------+-------
        D:1 |      40 |       0 |   0.0 |      22 |       0 |   0.0
            +---------+---------+-------+---------+---------+-------
